 Dungeon Crawl Stone Soup version 0.30-a0-341-g682706514a (webtiles) character file.

Game seed: 10841697784067186986

2017 NinjaNoafa the Slicer (level 9, -3/65 (68) HPs)
             Began as a Merfolk Gladiator on Nov 2, 2022.
             Was an Elder of Uskayaw.
             Slain by a wight
             ... wielding a +6 great sword
              (16 damage)
             ... on level 7 of the Dungeon.
             The game lasted 00:14:38 (5497 turns).

NinjaNoafa the Slicer (Merfolk Gladiator)           Turns: 5497, Time: 00:14:39

HP:   -3/65 (68)    AC:  2    Str: 19    XL:     9   Next: 23%
MP:   14/14         EV: 13    Int:  6    God:    Uskayaw [****..]
Gold: 331           SH:  0    Dex: 18    Spells: 8/8 levels left

rFire   . . .      SeeInvis .    b - +1 rapier (holy)
rCold   . . .      Faith    .    (no shield)
rNeg    . . .      Spirit   .    j - +1 ring mail of the Lich-sworn {*Corrode Slay+5}
rPois   .          Reflect  .    e - +0 helmet
rElec   .          Harm     .    m - +0 cloak
rCorr   .          Rampage  .    h - +0 pair of gloves
Will    +....                    (no boots)
Stlth   +.........               (no amulet)
HPRegen 0.30/turn                (no ring)
MPRegen 0.14/turn                (no ring)

@: corroded, lightly drained
A: (nimble swimmer 2), mertail, deformed body, strong-willed 1, strong 1
a: Renounce Religion, Stomp, Line Pass


You were on level 7 of the Dungeon.
You worshipped Uskayaw.
Uskayaw was noncommittal.
You visited 2 branches of the dungeon, and saw 8 of its levels.

You collected 331 gold pieces.

Inventory:

Hand Weapons
 a - a +4 short sword of venom
 b - a +1 rapier of holy wrath (weapon)
Missiles
 d - 3 throwing nets
 f - 63 stones
 s - 10 javelins (quivered)
 u - 2 curare-tipped darts
 x - 2 boomerangs
Armour
 e - a +0 helmet (worn)
 h - a +0 pair of gloves (worn)
 j - the +1 ring mail of the Lich-sworn (worn) {*Corrode Slay+5}
   (You found it on level 2 of the Dungeon)

   Slay:      It affects your accuracy & damage with ranged weapons and melee
   (+5).
   *Corrode:  It may corrode you when you take damage.
 m - a +0 cloak (worn)
Wands
 g - a wand of paralysis (5)
 l - a wand of polymorph (9)
Scrolls
 n - 3 scrolls of teleportation
 p - a scroll of fear {unknown}
 q - 2 scrolls of magic mapping {unknown}
 r - a scroll of amnesia {unknown}
 t - a scroll of enchant weapon {unknown}
 v - a scroll of acquirement {unknown}
Potions
 c - a potion of haste
 i - a potion of curing
 k - a potion of flight
 o - a potion of degeneration
 z - a potion of attraction
 A - a potion of cancellation
 B - a potion of heal wounds
 C - a potion of might {unknown}


   Skills:
 - Level 5.0 Fighting
 + Level 8.6 Short Blades
 - Level 3.0 Throwing
 - Level 5.0 Dodging
 - Level 7.0 Invocations
 - Level 5.0 Evocations


You had 8 spell levels left.
You didn't know any spells.
Your spell library contained the following spells:

 Spells                   Type           Power      Damage    Failure   Level
 Scorch                   Fire           0%         2d5       78%         2
 Sticky Flame             Conj/Fire      0%         2d3       100%        4
 Fireball                 Conj/Fire      0%         3d3       100%        5
 Fire Storm               Conj/Fire      0%         5d1       100%        9


Dungeon Overview and Level Annotations

Branches:
Dungeon (7/15)             Temple (1/1) D:4

Altars:
Ashenzari
Cheibriados
Elyvilon
Fedhas
Hepliaklqana
Makhleb
Qazlal
Ru
Sif Muna
Trog
Uskayaw
Vehumet
Wu Jian
Xom
Yredelemnul
Zin
The Shining One


Innate Abilities, Weirdness & Mutations

((You are very nimble when in or above water. (Stealth+, EV+, Speed+++)))
Your lower body shifts to a powerful aquatic tail in water.
Armour fits poorly on your strangely shaped body.
You are strong-willed. (Will+)
Your muscles are strong. (Str +4, Int/Dex -1)


Message History

Your +1 rapier of holy wrath softly glows with a divine radiance!
b - a +1 rapier of holy wrath (weapon)
You puncture the wight!
The wight convulses!
You destroy the wight!
You hit the wight.
The wight convulses.
The wight is lightly damaged.
The wight hits you with a +1 scimitar of freezing.
Your corrosive artefact corrodes you!
The wight freezes you.
You can now pass through a line of other dancers.
The wight hits you with a +1 scimitar of freezing.
The wight freezes you.
You hit the wight.
The wight convulses.
The wight is severely damaged.
You hit the wight.
You destroy the wight!
The wight hits you with a +1 scimitar of freezing!
The wight freezes you!
Uskayaw will force your foes to helplessly watch your dance.
Uskayaw prepares the audience for your solo!
The wight is no longer paralysed.
The helpless wight fails to defend itself.
You impale the wight!!
You destroy the wight!
The wight closely misses you.
Uskayaw will force your foes to share their pain.
You hit the wight but do no damage. The wight completely misses you.
You hit the wight but do no damage.
The wight hits you with a +6 great sword!
* * * LOW HITPOINT WARNING * * *
You feel drained.
* * * LOW HITPOINT WARNING * * *
You hit the wight.
The wight convulses.
The wight is severely damaged.
You hit the wight but do no damage.
The wight is severely damaged.
The wight closely misses you.
You closely miss the wight.
The wight is severely damaged.
The wight hits you with a +6 great sword!
You die...

# #...####.###
.. #...##.....##
# ..
#...#.......#.#
..
#...#.......#.#
#8
#......._..... #
####...#.......#
..
#.<....#.......#
..
####...##.....#
#...####@####..#
##......z).....#
#........#..#.#
#....#...# ...#
#....##.....####
###..###..###
#### ####


You could see a wight.

Vanquished Creatures
  Eustachio (D:5)
  2 water moccasins
  A sky beast (D:7)
  An ice beast (D:7)
  A black bear (D:6)
  A centaur (D:7)
  2 ogres
  A necrophage (D:6)
  5 scorpions
  6 wights (D:7)
  A jelly (D:3)
  2 hounds
  Natasha (thrice) (D:3)
  3 iguanas
  Robin (D:3)
  3 gnolls (D:4)
  8 adders
  2 worms
  2 dart slugs (D:1)
  17 orcs
  10 ball pythons
  4 endoplasms
  2 giant cockroaches
  14 goblins
  8 hobgoblins
  10 jackals
  7 kobolds
  6 quokkas
  8 bats
  7 frilled lizards
  2 rats
141 creatures vanquished.

Vanquished Creatures (others)
  9 plants (D:4)
  22 withered plants (D:5)
31 creatures vanquished.

Grand Total: 172 creatures vanquished

Notes
Turn   | Place    | Note
-------+----------+-------------------------------------------
     0 | D:1      | NinjaNoafa the Merfolk Gladiator began the quest for the
                  | Orb.
     0 | D:1      | Reached XP level 1. HP: 16/16 MP: 1/1
    93 | D:1      | Reached XP level 2. HP: 12/23 MP: 2/2
    95 | D:1      | Reached skill level 4 in Short Blades
   328 | D:1      | Reached XP level 3. HP: 12/29 MP: 3/3
   931 | D:2      | Found a snail-covered altar of Cheibriados.
   947 | D:2      | Reached skill level 5 in Short Blades
  1176 | D:2      | Identified the +1 ring mail of the Lich-sworn {*Corrode
                  | Slay+5}
  1236 | D:2      | Found a faded altar of an unknown god.
  1422 | D:3      | Reached XP level 4. HP: 35/35 MP: 4/4
  1498 | D:3      | Noticed Robin
  1511 | D:3      | Reached skill level 5 in Dodging
  1882 | D:3      | Killed Robin
  1975 | D:3      | Noticed Natasha
  1983 | D:3      | Killed Natasha
  1984 | D:3      | Reached XP level 5. HP: 36/41 MP: 5/5
  2051 | D:3      | Reached skill level 6 in Short Blades
  2302 | D:3      | Noticed Natasha
  2311 | D:3      | Killed Natasha
  2379 | D:3      | Noticed Natasha
  2432 | D:3      | Killed Natasha
  2433 | D:3      | Reached skill level 7 in Short Blades
  2433 | D:3      | Reached XP level 6. HP: 23/47 MP: 6/6
  2542 | D:4      | Reached skill level 1 in Evocations
  2572 | D:4      | Found a staircase to the Ecumenical Temple.
  2586 | Temple   | Entered the Ecumenical Temple
  2710 | Temple   | Became a worshipper of Uskayaw the Reveller
  2783 | D:4      | Reached * piety under Uskayaw
  2873 | D:4      | Found a glowing silver altar of Zin.
  2937 | D:4      | Reached ** piety under Uskayaw
  2965 | D:4      | Reached XP level 7. HP: 52/52 MP: 7/7
  2987 | D:4      | Gained mutation: Your muscles are strong. (Str +4, Int/Dex
                  | -1) [potion of mutation]
  2987 | D:4      | Gained mutation: Armour fits poorly on your strangely
                  | shaped body. [potion of mutation]
  2987 | D:4      | Gained mutation: You are strong-willed. (Will+) [potion of
                  | mutation]
  2991 | D:4      | Reached *** piety under Uskayaw
  2993 | D:4      | HP: 2/52 [gnoll/+0 halberd (8)]
  3696 | D:5      | Entered Level 5 of the Dungeon
  3708 | D:5      | Found a broken altar of Ashenzari.
  3763 | D:5      | Got the Directory of Calefaction
  3824 | D:5      | Reached skill level 5 in Evocations
  4040 | D:5      | Noticed Eustachio
  4067 | D:5      | Reached **** piety under Uskayaw
  4091 | D:5      | Killed Eustachio
  4092 | D:5      | Reached XP level 8. HP: 34/58 MP: 9/11
  4257 | D:5      | You fall into a shaft and drop 1 floor!
  4470 | D:6      | Reached skill level 5 in Invocations
  4927 | D:6      | Identified the +8 chain mail of Makhleb's Generosity {rF++
                  | rC- Will+ Int-5}
  5246 | D:7      | Reached skill level 5 in Fighting
  5246 | D:7      | Reached XP level 9. HP: 54/67 MP: 14/14
  5352 | D:7      | Found a basalt altar of Yredelemnul.
  5369 | D:7      | Reached skill level 8 in Short Blades
  5497 | D:7      | Slain by a wight

Illustrated notes

Levels and vault maps discovered:
D:1:      evilmike_arrival_crescent, layout_basic
D:2:      layout_rooms, chequers_ecumenical_altar_simple, basic_altar,
          grunt_decor_mini_mirrors
D:3:      layout_loops_ring, uniq_natasha, uniq_robin
D:4:      layout_basic, mainiacjoe_overflow_six_doors_small,
          minmay_temple_entry_statues_fountains, nicolae_grassy_gnolls
D:5:      layout_loops_ring, ashenzari_altar_1, ebering_ghost_disaster_area,
          dilly_guarded_unrand_morg, uniq_eustachio
D:6:      layout_rooms, kennysheep_dice
D:7:      layout_cave_pools, old_standard_altar, corexii_hall_statues_u,
          minmay_misc_feat_chi
Temple:   compressed_dpeg_circular_temple

Skill      XL: |  1  2  3  4  5  6  7  8  9 |
---------------+----------------------------+-----
Short Blades   | 4 5 7 8 |  8.6
Fighting       | 3 5 |  5.0
Dodging        | 5 |  5.0
Evocations     | 3 5 |  5.0
Throwing       | 3 |  3.0
Invocations    | 4 7 |  7.0

Action                   |  1- 3 |  4- 6 |  7- 9 || total
-------------------------+-------+-------+-------++-------
Melee: Rapier            |   139 |   151 |    49 ||   339
       Punch             |     2 |     1 |     3 ||     6
       Unarmed           |       |    26 |       ||    26
       Short sword       |       |       |   149 ||   149
Throw: Javelin           |     2 |     1 |     7 ||    10
       Throwing net      |       |       |     3 ||     3
Evoke: Wand              |       |     2 |     1 ||     3
  Use: Scroll            |       |     6 |     7 ||    13
       Potion            |       |     2 |     4 ||     6
 Stab: Sleeping          |     3 |       |       ||     3
       Paralysed         |       |     3 |     4 ||     7
       Held in net/web   |       |       |     2 ||     2
Armor: Leather armour    |    36 |       |       ||    36
       Ring mail         |     8 |    70 |    39 ||   117
Dodge: Dodged            |   127 |   180 |   106 ||   413

Table legend: (Time is in decaauts)
 A = Elapsed time spent in this place.
 B = Non-inter-level travel time spent in this place.
 C = Inter-level travel time spent in this place.
 D = Time resting spent in this place.
 E = Time spent auto-exploring this place.
 F = Levels seen in this place.
 G = Mean time per level.
                   A        B        C        D        E       F      G
               +--------+--------+--------+--------+--------+-----+--------+
         Total |   5424 |   5257 |    167 |     87 |   3929 |   8 |  678.0 |
       Dungeon |   5266 |   5141 |    125 |     87 |   3852 |   7 |  752.3 |
        Temple |    157 |    115 |     42 |      0 |     77 |   1 |  157.0 |
               +--------+--------+--------+--------+--------+-----+--------+

Top non-repeatable levels by time:
     D:4: 990 daAuts
     D:1: 906 daAuts
     D:3: 886 daAuts
     D:6: 751 daAuts
     D:2: 747 daAuts
     D:5: 536 daAuts
     D:7: 448 daAuts
  Temple: 157 daAuts
